 Dungeon Crawl Stone Soup version 0.24.0-13-gcf9b3192b9 (webtiles) character file.

Game seed: 17919113122428507592, levelgen mode: deterministic

1259 Monsterracer the Insei (level 8, 0/54 HPs)
             Began as an Octopode Warper on Nov 6, 2019.
             Was a Follower of Okawaru.
             Slain by a slave (1 damage)
             ... led by Pikel
             ... on level 5 of the Dungeon.
             The game lasted 00:04:25 (5416 turns).

Monsterracer the Insei (Octopode Warper)            Turns: 5416, Time: 00:04:25

Health: 0/54       AC:  3    Str: 10    XL:     8   Next: 51%
Magic:  11/11      EV: 16    Int: 15    God:    Okawaru [*.....]
Gold:   224        SH:  0    Dex: 14    Spells: 9/11 levels left

rFire    . . .     SeeInvis .     - Unarmed
rCold    . . .     Gourm    .   (no shield)
rNeg     . . .     Faith    .   i - +2 hat
rPois    .         Spirit   .   (no amulet)
rElec    .         Reflect  .   k - ring of resist corrosion
rCorr    +         Harm     .   (no ring)
MR       .....                  (no ring)
Stlth    ++++......             (no ring)
HPRegen  0.18/turn              (no ring)
MPRegen  0.12/turn              (no ring)
                                (no ring)
                                (no ring)

@: no status effects
A: almost no armour, stealthy swim, amphibious, 8 rings, constrict 8, camouflage
1, gelatinous body 1
a: Heroism, Renounce Religion


You were on level 5 of the Dungeon.
You worshipped Okawaru.
Okawaru was aware of your devotion.
You were not hungry.

You visited 1 branch of the dungeon, and saw 5 of its levels.

You collected 224 gold pieces.

Inventory:

Armour
 i - a +2 hat (worn)
   (You found it on level 3 of the Dungeon)
Jewellery
 k - a ring of resist corrosion (left tentacle)
   (You found it on level 2 of the Dungeon)
 u - an uncursed ring of fire
   (You found it on level 5 of the Dungeon)
Scrolls
 f - a scroll of identify
 g - a scroll of brand weapon {unknown}
 j - a scroll of vulnerability {unknown}
 l - 3 scrolls of enchant armour
 m - a scroll of magic mapping
 o - a scroll of amnesia
 q - a scroll of fear {unknown}
 r - 2 scrolls of remove curse
 t - 3 scrolls of teleportation {!r}
 X - 3 scrolls of blinking
Potions
 a - 2 potions of brilliance {unknown}
 b - a potion of cancellation
 d - a potion of heal wounds
 h - 2 potions of lignification
 n - a potion of resistance
 p - a potion of agility {unknown}
Comestibles
 c - 6 rations


   Skills:
 + Level 4.7 Fighting
 - Level 1.0 Throwing
 + Level 5.0 Dodging
 + Level 4.1 Stealth
 * Level 6.6 Unarmed Combat
 - Level 2.0 Spellcasting
 - Level 3.0 Translocations
 + Level 3.3 Invocations


You had 9 spell levels left.
You knew the following spells:

 Your Spells              Type           Power        Failure   Level  Hunger
e - Blink                 Tloc           N/A          10%         2    ###....

Your spell library contained the following spells:

 Spells                   Type           Power        Failure   Level  Hunger
 Shroud of Golubria       Chrm/Tloc      #.....       19%         2    ###....
 Gell's Gravitas          Tloc           ##........   19%         3    ###....
 Lesser Beckoning         Tloc           ##........   19%         3    ###....
 Teleport Other           Tloc           ##......     19%         3    ###....
 Passage of Golubria      Tloc           N/A          54%         4    #####..


Dungeon Overview and Level Annotations

Branches:
Dungeon (5/15)
 Temple: D:4-7

Altars:
Fedhas
Makhleb
Nemelex Xobeh
Okawaru
Trog
Uskayaw
Wu Jian
Yredelemnul

Annotations:
D:3 1 runed translucent door, zkyp's ghost, amateur CeCK
D:5 exclusion: two-headed ogre, Pikel


Innate Abilities, Weirdness & Mutations

You cannot wear most types of armour.
You are very stealthy in the water. (Stealth+)
You are amphibious.
You can wear up to eight rings at the same time.
You can use your tentacles to constrict eight enemies at once.
Your skin changes colour to match your surroundings (Stealth+).
Your rubbery body absorbs attacks. (AC +1, EV +1)


Message History

You constrict the orc.
You feel sick. The orc misses you.
You tentacle-slap the orc.
You kill the orc!
Okawaru accepts your kill.
You constrict the orc, but do no damage.
You feel sick. The orc hits you with a +0 mace.
* * * LOW HITPOINT WARNING * * *
You tentacle-slap the orc but do no damage.
You constrict the orc, but do no damage.
You feel sick. The orc hits you with a +0 mace.
* * * LOW HITPOINT WARNING * * *
You tentacle-slap the orc. You squeeze the orc.
You kill the orc!
Okawaru accepts your kill.
* * * LOW HITPOINT WARNING * * *
You feel sick.
You feel better.
Things that are here:
a +0 mace; a +0 chain mail There isn't anything to butcher here.
Items here: ( ) [ † a +0 short sword of venom; 4 silver boomerangs; a +0 leather armour an orc corpse You butcher the orc corpse.
s - a chunk of flesh
Items here: ( ) [ ÷ a +0 short sword of venom; 4 silver boomerangs; a +0 leather armour an orc skeleton
Things that are here:
a +0 mace; a +0 chain mail You start resting.
Eating a chunk of flesh.
You eat the chunk of flesh.
This raw flesh tastes terrible.
HP restored.
There is a stone staircase leading down, spattered with blood here.
You climb downwards.
Level annotation: exclusion: two-headed ogre, Pikel 3 slaves come into view.
Pikel hits you with a +0 whip of freezing.
Pikel freezes you.
The quokka bites you but does no damage.
Pikel waves his whip at you. Pikel misses you.
There is a stone staircase leading up, spattered with blood here.
The slave shouts! x3
You tentacle-slap Pikel. You grab Pikel. You squeeze Pikel.
Pikel is lightly wounded.
You constrict Pikel, but do no damage.
The quokka bites you but does no damage.
Pikel closely misses you. The slave hits you.
You bludgeon Pikel!
Pikel is moderately wounded.
You constrict Pikel, but do no damage. The quokka misses you. Pikel misses you.
The slave closely misses you. The quokka barely misses you.
You tentacle-slap Pikel.
Pikel is heavily wounded.
You constrict Pikel. The quokka closely misses you. Pikel closely misses you.
You tentacle-slap the quokka but do no damage.
Your grab misses the quokka. Your squeeze misses the quokka.
You constrict Pikel. The slave barely misses you.
The quokka closely misses you.
Pikel says, "Slavery isn't that bad."
Pikel hits you with a +0 whip of freezing!
Pikel freezes you.
You tentacle-slap Pikel.
Pikel is severely wounded.
You constrict Pikel. The slave barely misses you. The slave closely misses you.
The quokka bites you.
You tentacle-slap Pikel but do no damage.
Pikel is severely wounded.
You constrict Pikel, but do no damage.
Pikel hits you with a +0 whip of freezing!
* * * LOW HITPOINT WARNING * * *
Pikel freezes you.
* * * LOW HITPOINT WARNING * * *
The slave closely misses you. The quokka closely misses you.
You tentacle-slap Pikel.
Pikel is almost dead.
You constrict Pikel, but do no damage. Pikel misses you. The slave hits you!
* * * LOW HITPOINT WARNING * * *
The slave hits you.
* * * LOW HITPOINT WARNING * * *
The quokka bites you but does no damage.
The slave completely misses you.
You tentacle-slap Pikel but do no damage.
Pikel is almost dead.
You constrict Pikel. Pikel completely misses you. The quokka bites you.
* * * LOW HITPOINT WARNING * * *
The slave hits you.
* * * LOW HITPOINT WARNING * * *
The slave closely misses you. The slave misses you.
The slave barely misses you.
You tentacle-slap Pikel but do no damage.
Pikel is almost dead.
You constrict Pikel. The quokka misses you.
Pikel hits you with a +0 whip of freezing.
* * * LOW HITPOINT WARNING * * *
Pikel freezes you.
* * * LOW HITPOINT WARNING * * *
The slave barely misses you. The slave hits you.
You die...

........ .......... ..#
.......###........ .....
.................# .....
..........##.....# ...# #
....#.....##.....##...#..
..#.#.......(....#.......
..#.......?.............#
..#..#######...pKp...#
.)#...# #...r@p...#..#
#.....# #.#.p.[.......
..##..# +.#....###....
...#..# #.............
#.....# #.............
......######...(.......
##.......).............
........##.............
.........##.............


You could see Pikel, 4 slaves and a quokka.

Vanquished Creatures
  Sigmund (D:2)
  Menkaure (D:4)
  Duvessa (D:5)
  A sky beast (D:5)
  A black bear (D:5)
  A phantom (D:4)
  An ogre (D:5)
  Dowan (D:5)
  2 scorpions (D:4 D:5)
  2 hounds (D:4 D:5)
  Crazy Yiuf (D:2)
  A bullfrog skeleton (D:5)
  2 worker ants (D:5)
  A hound zombie (D:5)
  A worker ant zombie (D:4)
  3 adders (D:4)
  2 shadow imps (D:3 D:5)
  An ooze (D:1)
  An adder skeleton (D:5)
  An adder zombie (D:5)
  2 worms (D:3 D:4)
  2 dart slugs (D:1)
  3 leopard geckos (D:2 D:3 D:5)
  17 orcs (D:3 D:4 D:5)
  2 ball pythons (D:2 D:3)
  9 bats (D:1 D:2 D:3)
  3 giant cockroaches (D:4 D:5)
  10 goblins (D:1 D:2 D:3 D:4)
  12 hobgoblins (D:1 D:2 D:3)
  4 jackals (D:4)
  4 kobolds (D:1 D:2 D:3)
  5 quokkas (D:2 D:3 D:4 D:5)
  3 frilled lizards (D:1 D:3 D:4)
  A jackal skeleton (D:4)
  A quokka skeleton (D:4)
  6 rats (D:1 D:2)
110 creatures vanquished.

Notes
Turn   | Place    | Note
-------+----------+-------------------------------------------
     0 | D:1      | Monsterracer the Octopode Warper began the quest for the
                  | Orb.
     0 | D:1      | Reached XP level 1. HP: 14/14 MP: 3/3
    67 | D:1      | HP: 6/14 [hobgoblin (4)]
   295 | D:1      | Reached XP level 2. HP: 19/19 MP: 5/5
   665 | D:1      | Reached XP level 3. HP: 24/25 MP: 6/6
  1013 | D:2      | Reached skill level 3 in Unarmed Combat
  1053 | D:2      | Noticed Sigmund
  1069 | D:2      | Killed Sigmund
  1069 | D:2      | Reached skill level 4 in Unarmed Combat
  1069 | D:2      | Reached XP level 4. HP: 18/31 MP: 7/7
  1069 | D:2      | Reached XP level 5. HP: 21/36 MP: 8/8
  1069 | D:2      | HP: 18/36 [leopard gecko (3)]
  1276 | D:2      | Found a runed translucent door.
  1277 | D:2      | Noticed Crazy Yiuf
  1676 | D:2      | Found a hide-covered altar of Uskayaw.
  1676 | D:2      | Found an ornate altar of the Wu Jian Council.
  2077 | D:2      | HP: 16/36 [Crazy Yiuf/+3 quarterstaff of chaos (8)]
  2079 | D:2      | Killed Crazy Yiuf
  2079 | D:2      | Reached XP level 6. HP: 17/42 MP: 9/9
  2354 | D:3      | Found a basalt altar of Yredelemnul.
  2416 | D:3      | Learned a level 2 spell: Blink
  2577 | D:3      | Found a runed translucent door.
  2580 | D:3      | Noticed zkyp's ghost (amateur CeCK)
  2797 | D:3      | Found a blossoming altar of Fedhas.
  2975 | D:4      | Found an iron altar of Okawaru.
  2991 | D:4      | Became a worshipper of Warmaster Okawaru
  3081 | D:4      | HP: 20/43 [jackal (3)]
  3086 | D:4      | HP: 18/43 [poisoned by an adder]
  3279 | D:4      | Found a bloodstained altar of Trog.
  3564 | D:4      | Reached skill level 5 in Unarmed Combat
  3745 | D:4      | Reached skill level 1 in Invocations
  3860 | D:4      | Noticed Menkaure
  3876 | D:4      | Killed Menkaure
  3876 | D:4      | Reached skill level 1 in Stealth
  3876 | D:4      | Reached XP level 7. HP: 47/47 MP: 10/10
  4046 | D:4      | Found a burning altar of Makhleb.
  4321 | D:5      | Entered Level 5 of the Dungeon
  4376 | D:5      | Found a sparkling altar of Nemelex Xobeh.
  4401 | D:5      | Reached * piety under Okawaru
  4523 | D:5      | Reached skill level 6 in Unarmed Combat
  4523 | D:5      | Reached XP level 8. HP: 54/54 MP: 11/11
  4527 | D:5      | Noticed a two-headed ogre
  4795 | D:5      | Noticed Duvessa
  4985 | D:5      | HP: 27/54 [quokka (3)]
  4986 | D:5      | Killed Duvessa
  4987 | D:5      | Noticed Dowan
  5138 | D:5      | Killed Dowan
  5138 | D:5      | Reached skill level 5 in Dodging
  5167 | D:5      | Noticed Pikel
  5178 | D:4      | HP: 19/54 [orc/+0 war axe (12)]
  5183 | D:4      | HP: 11/54 [poisoned by an orc]
  5413 | D:5      | HP: 26/54 [Pikel/+0 whip of freezing (8)]
  5415 | D:5      | HP: 9/54 [quokka (4)]
  5416 | D:5      | HP: 3/54 [Pikel/+0 whip of freezing (5)]
  5416 | D:5      | HP: 1/54 [Pikel/+0 whip of freezing (2)]
  5416 | D:5      | Slain by a slave

Levels and vault maps discovered:
D:1:      zelgadis_glass_arrival_small, layout_rooms, serial_corexii_hall,
          corexii_hall_statues_deadend, chequers_hall_statues_y,
          chequers_hall_statues_y, chequers_hall_statues_y
D:2:      layout_basic, gammafunk_temple_overflow_elements, first_ration,
          due_unseen_surprise, uniq_crazy_yiuf_cottage, uniq_sigmund
D:3:      layout_rooms, old_standard_altar, fedhas_altar_1,
          ebering_ghost_reflecting_pool
D:4:      layout_loops_cross, kennysheep_okawaru_gauntlet,
          lightli_temple_of_fire, bloody_trog, uniq_menkaure
D:5:      layout_cave_pools, lemuel_crystal_altar, chequers_arboretum,
          uniq_duvessa, uniq_pikel

Skill      XL: |  1  2  3  4  5  6  7  8 |
---------------+-------------------------+-----
Unarmed Combat | 4 5 6 |  6.6
Fighting       | 3 4 |  4.7
Dodging        | 3 4 5 |  5.0
Invocations    | 1 2 3 |  3.3
Stealth        | 1 3 4 |  4.1
Throwing       | |  1.0
Spellcasting   | |  2.0
Translocations | |  3.0

Action                   |  1- 3 |  4- 6 |  7- 9 || total
-------------------------+-------+-------+-------++-------
Melee: Unarmed           |    76 |   134 |   132 ||   342
       Constrict         |    15 |    34 |    23 ||    72
       Tentacles         |    14 |    13 |    32 ||    59
       Punch             |     1 |     7 |     8 ||    16
  Use: Scroll            |       |     9 |     2 ||    11
       Potion            |       |     1 |     1 ||     2
 Stab: Sleeping          |     5 |     2 |     2 ||     9
  Eat: Chunk             |       |     9 |     5 ||    14
Armor: Skin              |    10 |    14 |    14 ||    38
Dodge: Dodged            |    60 |    92 |   105 ||   257
